 Dungeon Crawl Stone Soup version 0.17.1-2-g5865329 (webtiles) character file.

357 Clownie the Magician (level 6, 0/44 HPs)
             Began as a Naga Wizard on Jan 28, 2016.
             Was an Initiate of Okawaru.
             Shot with an arrow of flame by a centaur (10 damage)
             ... on level 4 of the Dungeon.
             The game lasted 00:07:13 (3170 turns).

Clownie the Magician (Naga Wizard)                  Turns: 3170, Time: 00:07:13

Health: 0/44       AC:  3    Str: 11    XL:     6   Next: 64%
Magic:  5/15       EV:  9    Int: 19    God:    Okawaru [......]
Gold:   140        SH:  0    Dex:  9    Spells: 4 memorised, 8 levels left

rFire  . . .     SeeInvis +     m - +0 great mace
rCold  + . .     Clarity  .     a - +0 robe
rNeg   . . .     SustAt   .     (shield currently unavailable)
rPois  +         Gourm    .     b - +0 hat
rElec  .         Spirit   .     (no cloak)
rCorr  .         Warding  .     (no gloves)
rMut   .         Stasis   .     (no barding)
MR     +....                    (no amulet)
Stlth  ++........               (no ring)
                                (no ring)

@: short of breath, very slightly contaminated, very slow, somewhat resistant to
hostile enchantments, unstealthy
A: see invisible, cold resistance 1, deformed body, frail 1, magic resistance 1,
poison resistance, slowness 2, slow metabolism 1, spit poison 2, MP-powered
wands, AC +2
a: Spit Poison, Renounce Religion


You were on level 4 of the Dungeon.
You worshipped Okawaru.
Okawaru was noncommittal.
You were very hungry.

You visited 1 branch of the dungeon, and saw 4 of its levels.

You collected 140 gold pieces.

Inventory:

Hand Weapons
 m - a +0 great mace (weapon)
Armour
 a - a +0 robe (worn)
 b - a +0 hat (worn)
Scrolls
 j - a scroll of amnesia {unknown}
 o - a scroll of recharging {unknown}
 r - a scroll of identify {unknown}
Potions
 e - a potion of flight {unknown}
 i - a potion of lignification {unknown}
 k - 2 potions of cure mutation {unknown}
 l - a potion of might {unknown}
 n - a potion of ambrosia {unknown}
 p - a potion of curing {unknown}
 s - a potion of degeneration {unknown}
 t - a potion of resistance {unknown}
Books
 c - a book of Minor Magic

   Spells                             Type                      Level
   a - Magic Dart                     Conjuration                  1
   b - Blink                          Translocation                2
   c - Call Imp                       Summoning                    2
   d - Repel Missiles                 Charms/Air                   2
   e - Slow                           Hexes                        2
   f - Conjure Flame                  Conjuration/Fire             3
   g - Mephitic Cloud                 Conjuration/Poison/Air       3
Comestibles
 d - a bread ration
 g - 3 meat rations


   Skills:
 - Level 1.5 Dodging
 - Level 3.0 Stealth
 + Level 6.0 Spellcasting
 - Level 3.1 Conjurations
 - Level 1.0 Summonings
   Level 1.0 Translocations


You had 8 spell levels left.
You knew the following spells:

 Your Spells              Type           Power        Failure   Level  Hunger
a - Magic Dart            Conj           ###.         3%          1    None
b - Call Imp              Summ           #.......     12%         2    None
c - Conjure Flame         Conj/Fire      ##......     17%         3    ##.....
d - Mephitic Cloud        Conj/Pois/Air  #.......     21%         3    ##.....


Dungeon Overview and Level Annotations

Branches:
Dungeon (4/15)
 Temple: D:4-7

Altars:
Okawaru


Innate Abilities, Weirdness & Mutations

You cannot wear boots.
Your serpentine skin is tough (AC +2).
You have supernaturally acute eyesight.
Armour fits poorly on your strangely shaped body.
Your system is resistant to poisons.
You cover ground very slowly.
You have a slow metabolism.
You can spit poison.
Your flesh is cold resistant.
You are frail (-10% HP).
You are resistant to hostile enchantments.
You expend magic power (3 MP) to strengthen your wands.


Message History

Unknown command.
Press: ? - help, Shift-Dir - straight line, f - jackal, p - centaur
Aim: a jackal (heavily wounded)
The splash of poison misses the jackal.
You feel slightly more hungry.
The centaur shoots an arrow of flame.
The arrow of flame hits your crimson imp!
Your crimson imp blinks!
The jackal bites you.
* * * LOW HITPOINT WARNING * * *
Your iron imp hits the centaur.
Casting: Call Imp
Confirm with . or Enter, or press ? or * to list all spells.
Aiming: Magic Dart
Press: ? - help, Shift-Dir - straight line, f/p - jackal
Aim: a jackal (heavily wounded)
The magic dart hits the jackal.
You kill the jackal!
Okawaru accepts your kill.
The centaur shoots an arrow of flame.
The arrow of flame hits you!
You die...

. .# ########.# #........#..
#........... . #...5c..#. ..
##§# #.## .# .. ##.. ##(.# ..#
.##.. ...# #@†## #.##..... #
##.## #<##..# # ##..# ##.....#
### # #...# ##...#.# ..# #.
#.5.# #..#...# ....# .##
#...#####[###..##### ###..#
..####>..............[... .
...###...##...##....###...####
.# ....>...#...##.#### ##...##


You could see a centaur, a friendly iron imp and a friendly crimson imp.

Vanquished Creatures
  An ogre (D:4)
  A scorpion (D:4)
  A worker ant (D:4)
  3 gnolls (D:2)
  6 adders
  An ooze (D:1)
  An adder skeleton (D:4)
  2 worms
  5 giant geckos
  10 orcs
  A ball python (D:3)
  8 bats
  5 giant cockroaches
  5 hobgoblins
  7 jackals
  5 giant newts
  8 goblins
  13 kobolds
  A quokka (D:2)
  10 rats
94 creatures vanquished.

Vanquished Creatures (collateral kills)
  A gnoll (D:2)
  An adder skeleton (D:4)
2 creatures vanquished.

Vanquished Creatures (others)
  2 plants (D:1)
2 creatures vanquished.

Grand Total: 98 creatures vanquished

Notes
Turn   | Place    | Note
--------------------------------------------------------------
     0 | D:1      | Clownie the Naga Wizard began the quest for the Orb.
     0 | D:1      | Reached XP level 1. HP: 15/15 MP: 4/4
   400 | D:1      | Reached XP level 2. HP: 22/22 MP: 3/6
   781 | D:1      | Learned a level 2 spell: Call Imp
   867 | D:1      | Reached XP level 3. HP: 28/28 MP: 4/7
   872 | D:1      | Learned a level 3 spell: Conjure Flame
  1425 | D:2      | Reached XP level 4. HP: 36/36 MP: 4/9
  1647 | D:2      | Learned a level 3 spell: Mephitic Cloud
  1667 | D:2      | Reached skill level 4 in Spellcasting
  2259 | D:2      | Reached XP level 5. HP: 42/42 MP: 6/11
  2366 | D:3      | Found an iron altar of Okawaru.
  2382 | D:3      | Became a worshipper of Warmaster Okawaru
  2798 | D:4      | Reached skill level 5 in Spellcasting
  2811 | D:4      | Reached XP level 6. HP: 40/49 MP: 6/14
  2975 | D:4      | Noticed an ogre
  2992 | D:4      | Killed an ogre
  2992 | D:4      | Reached skill level 6 in Spellcasting
  3156 | D:4      | Noticed a centaur
  3166 | D:4      | Gained mutation: You are frail (-10% HP). [potion of mutation]
  3166 | D:4      | Gained mutation: You are resistant to hostile enchantments. [potion of mutation]
  3166 | D:4      | Gained mutation: You are weak. (Str -2) [potion of mutation]
  3167 | D:4      | Gained mutation: You expend magic power (3 MP) to strengthen your wands. [potion of mutation]
  3167 | D:4      | Gained mutation: Your flesh is cold resistant. [potion of mutation]
  3167 | D:4      | Lost mutation: You are weak. (Str -2) [potion of mutation]
  3170 | D:4      | Shot with an arrow of flame by a centaur

Action                   |  1- 3 |  4- 6 || total
-------------------------+-------+-------++-------
Melee: Unarmed           |    24 |     5 ||    29
       Great mace        |       |    17 ||    17
 Cast: Magic Dart        |    72 |   122 ||   194
       Call Imp          |     2 |     4 ||     6
 Abil: Spit Poison       |    17 |    16 ||    33
  Use: Scroll            |       |     1 ||     1
       Potion            |       |     2 ||     2
 Stab: Sleeping          |     1 |     2 ||     3
  Eat: Chunk             |       |     6 ||     6
